 Dungeon Crawl Stone Soup version 0.25-a0-161-gb7fd73da8f (webtiles) character file.

Game seed: 6205888305055250683, levelgen mode: deterministic

127 floatRand the Slasher (level 4, -7/35 HPs)
             Began as a Demonspawn Gladiator on Nov 21, 2019.
             Mangled by an iguana (10 damage)
             ... on level 4 of the Dungeon.
             The game lasted 00:02:40 (2733 turns).

floatRand the Slasher (Demonspawn Gladiator)        Turns: 2733, Time: 00:02:40

Health: -7/35      AC: 10    Str: 14    XL:     4   Next: 85%
Magic:  4/4        EV:  7    Int: 10    God:
Gold:   104        SH:  0    Dex: 15    Spells: 3/3 levels left

rFire    . . .     SeeInvis .   a - +0 long sword
rCold    . . .     Gourm    .   (no shield)
rNeg     . . .     Faith    +   m - +0 chain mail
rPois    .         Spirit   .   c - +0 helmet
rElec    .         Reflect  .   (no cloak)
rCorr    .         Harm     .   (no gloves)
MR       .....                  o - +0 pair of boots
Stlth    ..........             e - amulet of faith
HPRegen  0.11/turn              (no ring)
MPRegen  0.09/turn              (no ring)

@: no status effects
A: claws 1, spiny 1
a: no special abilities


You were on level 4 of the Dungeon.
You were not hungry.

You visited 1 branch of the dungeon, and saw 4 of its levels.

You collected 104 gold pieces.

Inventory:

Hand Weapons
 a - a +0 long sword (weapon)
Missiles
 d - 3 throwing nets (quivered)
Armour
 b - a +0 leather armour
 c - a +0 helmet (worn)
 m - a +0 chain mail (worn)
 o - a +0 pair of boots (worn)
Jewellery
 e - an amulet of faith (around neck)
Scrolls
 j - 3 scrolls of teleportation
 k - a scroll of magic mapping {unknown}
 n - a scroll of enchant armour {unknown}
 q - 2 scrolls of remove curse
Potions
 g - 2 potions of degeneration {unknown}
 h - 2 potions of lignification {unknown}
 i - 3 potions of curing {unknown}
 l - a potion of heal wounds {unknown}
 p - a potion of mutation {unknown}
Comestibles
 f - 2 rations


   Skills:
 + Level 3.0 Fighting
 * Level 4.0 Long Blades
 - Level 1.7 Throwing
 + Level 0.3 Armour
 + Level 3.3 Dodging


You had 3 spell levels left.
You didn't know any spells.
Your spell library was empty.

Dungeon Overview and Level Annotations

Branches:
Dungeon (4/15)
 Temple: D:4-7

Altars:
Hepliaklqana
Nemelex Xobeh
Zin

Annotations:
D:2 1 runed translucent door, Crazy Yiuf


Innate Abilities, Weirdness & Mutations

You have sharp fingernails.
You are partially covered in sharp spines.


Message History

The iguana barely misses you.
You are too injured to fight recklessly!
You hit the iguana.
The iguana is severely wounded.
The iguana is struck by your spines. The iguana bites you!
* * * LOW HITPOINT WARNING * * *
You are too injured to fight recklessly!
Your chain mail prevents you from hitting the iguana.
The iguana is severely wounded.
The iguana hisses menacingly.
The iguana barely misses you.
You barely miss the iguana.
The iguana is severely wounded.
The iguana bites you but does no damage.
The iguana bites you.
* * * LOW HITPOINT WARNING * * *
You hit the iguana but do no damage.
The iguana is severely wounded.
The iguana bites you!
You die...

###.##.'...♣♣
.......'....♣
.......#....♣♣ .
.....###♣....♣♣ ..
.......##.....♣♣ ...
...####.##.....♣♣♣♣♣....
...# .##......♣.....%
...# .##...........#
##.# ##...@l....# #.#
##♣.....♣## #.# ##+++##
#.# #.# #.# ##.#####
.......# .......#


You could see an iguana.

Vanquished Creatures
  A bullfrog skeleton (D:4)
  2 adders (D:3)
  A shadow imp (D:3)
  An ooze (D:2)
  A worm (D:3)
  3 dart slugs
  3 leopard geckos
  9 orcs (D:3)
  2 bats
  A giant cockroach (D:2)
  3 goblins
  4 hobgoblins
  6 kobolds
  A quokka (D:2)
  4 frilled lizards (D:3)
  A jackal zombie (D:3)
  7 rats
50 creatures vanquished.

Notes
Turn   | Place    | Note
-------+----------+-------------------------------------------
     0 | D:1      | floatRand the Demonspawn Gladiator began the quest for the
                  | Orb.
     0 | D:1      | Reached XP level 1. HP: 16/16 MP: 1/1
   591 | D:2      | Found a faded altar of an unknown god.
   609 | D:2      | Reached skill level 3 in Long Blades
   609 | D:2      | Gained mutation: You are partially covered in sharp spines.
                  | [demonic ancestry]
   609 | D:2      | Reached XP level 2. HP: 20/22 MP: 2/2
   615 | D:2      | Found a sparkling altar of Nemelex Xobeh.
   841 | D:2      | Found a runed translucent door.
   842 | D:2      | Noticed Crazy Yiuf
   903 | D:2      | Found a hazy altar of Hepliaklqana.
  1137 | D:2      | Reached XP level 3. HP: 19/28 MP: 3/3
  1336 | D:2      | Found a glowing silver altar of Zin.
  1870 | D:3      | Gained mutation: You have sharp fingernails. [demonic
                  | ancestry]
  1870 | D:3      | Reached XP level 4. HP: 25/34 MP: 4/4
  2696 | D:4      | Reached skill level 4 in Long Blades
  2733 | D:4      | Mangled by an iguana

Levels and vault maps discovered:
D:1:      lemuel_arrival_cross, layout_loops_cross
D:2:      layout_loops_ring, marbit_many_paths, lemuel_crystal_altar,
          old_standard_altar, chequers_ecumenical_altar_simple,
          bh_walls_and_bars, uniq_crazy_yiuf_cottage
D:3:      layout_loops_ring, first_ration
D:4:      layout_rooms, enter_ossuary_5, kennysheep_donut

Skill      XL: |  1  2  3  4 |
---------------+-------------+-----
Long Blades    | 3 4 |  4.0
Dodging        | 3 |  3.3
Fighting       | 3 |  3.0
Throwing       | |  1.7
Armour         | |  0.3

Action                   |  1- 3 |  4- 6 || total
-------------------------+-------+-------++-------
Melee: Long sword        |    77 |    45 ||   122
  Use: Scroll            |     2 |       ||     2
  Eat: Chunk             |     3 |     1 ||     4
       Ration            |       |     1 ||     1
Armor: Leather armour    |    12 |       ||    12
       Chain mail        |    18 |    12 ||    30
Dodge: Dodged            |    37 |    19 ||    56
       Rpst.: Long sword |    12 |     6 ||    18

Table legend:
 A = Non-vault XP
 B = Vault XP
 C = Vault XP percentage of total XP
 D = Non-vault monster count
 E = Vault monster count
 F = Vault count percentage of total count
                 A         B        C        D         E       F
            +---------+---------+-------+---------+---------+-------
      Total |     180 |       2 |   1.1 |      49 |       1 |   2.0
            +---------+---------+-------+---------+---------+-------
        D:1 |       8 |       0 |   0.0 |       3 |       0 |   0.0
        D:2 |      38 |       2 |   5.0 |      18 |       1 |   5.3
        D:3 |      90 |       0 |   0.0 |      26 |       0 |   0.0
        D:4 |      44 |       0 |   0.0 |       2 |       0 |   0.0
            +---------+---------+-------+---------+---------+-------
